AoeStats
← Phoenix7205

Arabia

505910833Analyzed
1v1 RM · 21d ago on Sep 11, 2026· 56m 34s· 2 players
Game mode
Random Map
Map size
Tiny (2 player)
Population
200
Speed
Normal
Resources
Standard
Victory
Conquest
Starting age
Dark Age
Ending age
Imperial Age
RankedLock teamsTeams togetherTeam positionsShared explorationLock speedFull tech treeHidden civsTurbo modeCheats
Victory
Defeat
🇺🇸 Teutons · United States
434
+15
🇪🇪 Vietnamese · Estonia
409
-18
JobineKits
3:16 Loom
17:35 Feudal Age
18:54 Wheelbarrow
23:22 Castle Age
24:48 Hand Cart
34:22 Imperial Age
38:40 Paper Money
39:00 Hoardings
38:58 Husbandry
38:19 Cavalier
39:18 Bloodlines
42:16 Elite Skirmisher
43:01 Thumb Ring
44:26 Imperial Skirmisher
46:17 Chemistry
45:16 Murder Holes
Phoenix7205
0:35 Loom
15:01 Feudal Age
22:39 Castle Age
22:12 Double-Bit Axe
22:12 Horse Collar
23:12 Wheelbarrow
24:46 Town Watch
31:54 Bow Saw
31:48 Heavy Plow
31:44 Stone Mining
31:55 Gold Mining
34:40 Town Patrol
34:58 Hand Cart
38:03 Forging
37:59 Scale Barding Armor
37:45 Fletching
37:57 Scale Mail Armor
41:10 Imperial Age
40:01 Bloodlines
40:41 Stone Shaft Mining
41:54 Fortified Wall
42:14 Pikeman
42:58 Squires
42:49 Gambesons
44:37 Cavalier
46:11 Crop Rotation
46:46 Two-Man Saw
47:43 Chemistry
47:04 Ballistics
47:29 Iron Casting
47:16 Chain Barding Armor
47:12 Chain Mail Armor
46:53 Bodkin Arrow
48:38 Conscription
47:40 Elite Teutonic Knight
48:36 Paladin
50:02 Town Patrol
51:30 Blast Furnace
51:06 Plate Mail Armor
53:13 Plate Barding Armor
Connection lost

Rejoining the realm…

Still unreachable

The connection could not be restored.

Session expired

The server has moved on; the page needs a fresh start.